Cogmind - Beta 10.2 @@@ ROGUE MODE // 2021.01.31 @ 13:23:45 Player: CrossedViper Result: Destroyed by S-10 Pest with Light Assault Rifle Performance ------------- Evolutions (0) 0 Regions Visited (4) 800 Robots Destroyed (24) 120 Value Destroyed (468) 468 Prototype IDs (25) 500 Alien Tech Used (0) 0 Bonus (413) 413 TOTAL SCORE: 2301 Bonus ------- Follower Combat Kills 123 Aligned with FarCom 300 Friendly Fire -10 Cogmind --------- Core Integrity 0/250 Matter 284/300 Energy 310/310 System Corruption 0% Temperature Cool (17) Movement Walking (150) Ox1 Location -9/Mines Parts ------- > --- POWER (1) -------- Reinforced Fission Core > --- PROPULSION (2) --- Advanced Myomer Leg Advanced Myomer Leg > --- UTILITY (2) ------ Humpback > --- WEAPON (2) ------- Assault Rifle Light Assault Rifle > --- INVENTORY (24) --- Light Treads Aluminum Leg Heat Sink Improved Heat Sink High-capacity Storage Unit High-capacity Storage Unit Humpback Humpback Humpback Large Matter Pod (150) Gravity Neutralizing Apparatus Gravity Neutralizing Apparatus Advanced Weapon Cycler Peak State ------------ > --- POWER ------------ Reinforced Fission Core > --- PROPULSION ------- Advanced Myomer Leg Advanced Myomer Leg > --- UTILITY ---------- Humpback > --- WEAPON ----------- Light Assault Rifle Longsword +1 > --- INVENTORY -------- Light Treads Improved Heat Sink High-capacity Storage Unit High-capacity Storage Unit Humpback Humpback Humpback Large Matter Pod Gravity Neutralizing Apparatus Gravity Neutralizing Apparatus Advanced Weapon Cycler Cloak of Protection [Rating: 37] Favorites ----------- Power Ion Engine Engine Ion Engine Power Core Reinforced Fission Core Propulsion Aluminum Leg Treads Light Treads Leg Aluminum Leg Utility Humpback Device Improved Heat Sink Storage Humpback Weapon Light Assault Rifle Energy Gun Medium Laser Ballistic Gun Light Assault Rifle Launcher Grenade Launcher Slashing Weapon Longsword +1 Build | -11 -10 -10 -10 -9 ------- Run | Scr Mat Min Exi Min Slots Evolved . | . . . . . Power . | . . . . . Propulsion . | . . . . . Utility . | . . . . . Weapon . | . . . . . Parts Attached 28 | . 7 6 14 1 Power 2 | . . . 2 . Engine 1 | . . . 1 . Core 1 | . . . 1 . Reactor . | . . . . . Propulsion 9 | . 2 1 6 . Treads 3 | . . . 3 . Leg 6 | . 2 1 3 . Wheel . | . . . . . Hover . | . . . . . Flight . | . . . . . Utility 7 | . 2 2 3 . Device 3 | . 1 1 1 . Storage 4 | . 1 1 2 . Processor . | . . . . . Hackware . | . . . . . Protection . | . . . . . Artifact . | . . . . . Weapon 10 | . 3 3 3 1 Energy Gun 3 | . 2 1 . . Energy Cannon . | . . . . . Ballistic Gun 5 | . . 2 2 1 Ballistic Cannon . | . . . . . Launcher 1 | . 1 . . . Special Weapon . | . . . . . Impact Weapon . | . . . . . Slashing Weapon 1 | . . . 1 . Piercing Weapon . | . . . . . Special Melee Weapon . | . . . . . Unidentified Prototypes 2 | . . . 2 . Parts Lost 10 | . 3 1 6 . Power 1 | . . . 1 . Propulsion 3 | . . 1 2 . Utility . | . . . . . Weapon 6 | . 3 . 3 . Highest Loss Streak 3 | . 2 1 3 . Average Slot Usage (%) 88 | . 86 97 85 78 Engine 12 | . 14 14 12 . Core 1 | . . . 1 14 Treads 1 | . . . 2 . Leg 26 | . 28 28 25 28 Device 5 | . 4 14 2 . Storage 13 | . 14 14 13 14 Energy Gun 6 | . 20 11 . . Ballistic Gun 18 | . . 14 25 21 Naked Turns . | . . . . . Heaviest Build 105 | 13 26 41 105 104 Greatest Support 60 | 20 20 20 60 60 Greatest Overweight (x) 29 | . 1 2 29 1 Average Overweight (x) 1 | . . 1 2 1 Largest Inventory Capacity 24 | . 12 12 24 24 Average Capacity 17 | . 9 11 21 24 Most Carried 24 | . 10 10 24 17 Average Carried 13 | . 8 9 16 16 Final Capacity 24 | 6 10 12 24 24 Final Carried 17 | 6 9 10 17 16 Class Distribution -------------------- 48% | Hauler-Mutant 30% | Mutant 20% | Scavenger-Mutant Dominant Class ---------------- Mutant | -10/Materials Mutant | -10/Mines Hauler-Mutant | -10/Exiles Hauler-Mutant | -9/Mines Resources | -11 -10 -10 -10 -9 ----------- Run | Scr Mat Min Exi Min Matter Collected 646 | 200 124 90 166 66 Remotely . | . . . . . Salvage Created 617 | . 252 140 115 110 Parts 52 | . 27 12 6 7 Haulers Intercepted 1 | . 1 . . . Recyclers Shooed 1 | . 1 . . . Parts Field Recycled . | . . . . . Retrieved Matter . | . . . . . Parts Self-Destructed . | . . . . . Prevented . | . . . . . Kills | -11 -10 -10 -10 -9 ------- Run | Scr Mat Min Exi Min Combat Hostiles Destroyed 21 | . 10 5 2 4 Melee 1 | . . . 1 . Guns 13 | . 4 5 . 4 AOE 6 | . 5 . 1 . Classes Destroyed 7 | . 6 . 1 . Worker 1 | . 1 . . . Hauler 1 | . 1 . . . Recycler 1 | . 1 . . . Operator 1 | . 1 . . . Swarmer 10 | . 6 2 . 2 Grunt 9 | . 4 3 . 2 Assembled 1 | . . . 1 . Best Kill Streak 11 | . 11 2 1 2 Combat Bots Only 6 | . 6 2 1 2 Max Kills in Single Turn 4 | . 4 2 1 1 Gunslinging 1 | . . 1 . . Exploded 3 | . 3 . 1 . Melee 1 | . . . 1 . Uniques/NPCs Destroyed 1 | . . . 1 . 8R-AWN (-10/Exiles) Combat | -11 -10 -10 -10 -9 -------- Run | Scr Mat Min Exi Min Damage Taken 1714 | . 384 185 1011 134 Core 256 | . 78 11 140 27 Absorbed by Shields . | . . . . . Core Remaining (%) 100 | 100 . . . . Volleys Fired 56 | . 27 14 1 14 Largest 2 | . 2 2 2 2 Hottest 100 | . 100 70 40 40 Shots Fired 96 | . 39 27 2 28 Gun 86 | . 29 27 2 28 Cannon . | . . . . . Launcher 10 | . 10 . . . Special . | . . . . . Kinetic 43 | . . 13 2 28 Thermal 38 | . 24 14 . . Explosive 10 | . 10 . . . Electromagnetic 5 | . 5 . . . Robot Hit Streak 9 | . 4 7 . 9 Robot Miss Streak 3 | . 2 3 2 3 Penetration Max . | . . . . . Secondary Targets 1 | . . 1 . . Max Gunslinging Chain 1 | . . 1 . . Shots Hit Robots 90 | . 23 18 29 20 Core Hits 40 | . 19 9 5 7 Critical Hits 2 | . . . 2 . Critical Kills . | . . . . . Critical Parts Destroyed . | . . . . . Melee Attacks 29 | . . . 29 . Impact . | . . . . . Slashing 29 | . . . 29 . Piercing . | . . . . . Sneak Attacks . | . . . . . Combat Hostiles . | . . . . . Follow-up Attacks . | . . . . . Damage Inflicted 2511 | . 787 224 1326 174 Guns 640 | . 232 224 10 174 Cannons . | . . . . . Explosions 555 | . 555 . . . Melee 1316 | . . . 1316 . Ramming . | . . . . . Kinetic 264 | . . 80 10 174 Thermal 343 | . 199 144 . . Explosive 555 | . 555 . . . Electromagnetic 33 | . 33 . . . Impact . | . . . . . Slashing 1316 | . . . 1316 . Piercing . | . . . . . Highest Corruption . | . . . . . Average Corruption . | . . . . . Corruption Purged . | . . . . . Overload Shots . | . . . . . Overflow Damage 12 | . . . 12 . Projectiles . | . . . . . Explosions . | . . . . . Melee 12 | . . . 12 . Knockbacks . | . . . . . Impact . | . . . . . Kinetic . | . . . . . Secondary . | . . . . . Self-Inflicted Damage 14 | . 14 . . . Shots 1 | . 1 . . . Rammed . | . . . . . Targets Rammed . | . . . . . Kicked . | . . . . . Crushed . | . . . . . Highest Temperature 338 | . 338 28 . 81 Average Temperature 84 | . 140 6 . 33 Received Heat Transfer 228 | . 84 93 . 51 Siege Activations . | . . . . . Robots Corrupted . | . . . . . Combat Hostiles . | . . . . . Parts Fried . | . . . . . Impact Corruptions . | . . . . . Robots Melted 1 | . 1 . . . Combat Hostiles 1 | . 1 . . . Parts Melted 2 | . 2 . . . Heat Transferred 962 | . 555 407 . . Parts Sabotaged . | . . . . . Parts Stolen . | . . . . . Parts Stripped . | . . . . . Power Chain Reactions . | . . . . . Missiles Intercepted . | . . . . . Alert | -11 -10 -10 -10 -9 ------- Run | Scr Mat Min Exi Min Peak Influence 309 | . 300 309 . 100 Initial 112 | . . 112 . . Average 164 | . 171 194 . 20 Maximum Alert Level 1 | . 1 1 . . Low Security (%) 60 | . 48 57 . 100 Level 1 39 | . 51 42 . . Level 2 . | . . . . . Level 3 . | . . . . . Level 4 . | . . . . . Level 5 . | . . . . . High Security . | . . . . . Max Security . | . . . . . Squads Dispatched 2 | . 2 . . . Investigation 1 | . 1 . . . Extermination . | . . . . . Reinforcement 1 | . 1 . . . Assault . | . . . . . Garrison . | . . . . . Intercept . | . . . . . Construction Impeded . | . . . . . Haulers Reinforced . | . . . . . Stealth | -11 -10 -10 -10 -9 --------- Run | Scr Mat Min Exi Min Distress Signals 2 | . 1 1 . . Communications Jammed . | . . . . . Distress Signals . | . . . . . Times Spotted 39 | . 14 12 8 5 Peak Tracking Total 9 | . 6 3 9 3 Tactical Retreats . | . . . . . Traps | -11 -10 -10 -10 -9 ------- Run | Scr Mat Min Exi Min Traps Triggered 1 | . 1 . . . Indirectly . | . . . . . Trap Hack Attempts . | . . . . . Triggered . | . . . . . Disarmed . | . . . . . Reprogrammed . | . . . . . Reused . | . . . . . Traps Extracted . | . . . . . Installed . | . . . . . Triggered . | . . . . . Machines | -11 -10 -10 -10 -9 ---------- Run | Scr Mat Min Exi Min Machines Disabled 1 | . 1 . . . Max in Single Turn 1 | . 1 . . . Machines Sabotaged . | . . . . . Garrisons Compromised . | . . . . . Overloaded Fab Kills . | . . . . . Fab Network Shutdowns . | . . . . . Hacking | -11 -10 -10 -10 -9 --------- Run | Scr Mat Min Exi Min Machines Accessed 5 | . 3 . 2 . Terminals 2 | . 2 . . . Fabricators . | . . . . . Repair Stations . | . . . . . Recycling Units 1 | . 1 . . . Scanalyzers . | . . . . . Garrison Access . | . . . . . Total Hacks 6 | . 4 . 2 . Successful 5 | . 3 . 2 . Failed . | . . . . . Catastrophic . | . . . . . Database Lockouts 1 | . 1 . . . Manual 5 | . 4 . 1 . Terminals 3 | . 3 . . . Fabricators . | . . . . . Repair Stations . | . . . . . Recycling Units 1 | . 1 . . . Scanalyzers . | . . . . . Garrison Access . | . . . . . Terminal Hacks 4 | . 2 . 2 . Record 1 | . . . 1 . Robot Analysis 1 | . 1 . . . Branch Access Points 1 | . 1 . . . EX-Prototype ID Bank 1 | . . . 1 . Fabricator Hacks . | . . . . . Repair Station Hacks . | . . . . . Recycling Unit Hacks . | . . . . . Scanalyzer . | . . . . . Garrison Access Hacks . | . . . . . Unauthorized Hacks 1 | . 1 . . . Terminals . | . . . . . Fabricators . | . . . . . Repair Stations . | . . . . . Recycling Units 1 | . 1 . . . Tunnel 1 | . 1 . . . Scanalyzers . | . . . . . Garrison Access . | . . . . . Data Cores Recovered . | . . . . . Used . | . . . . . Hacking Detections . | . . . . . Full Trace Events . | . . . . . Feedback Events . | . . . . . Feedback Blocked . | . . . . . Robot Schematics Acquired . | . . . . . Robots Built . | . . . . . Matter . | . . . . . Time . | . . . . . Total Robot Build Rating . | . . . . . Part Schematics Acquired . | . . . . . Parts Built . | . . . . . Matter . | . . . . . Time . | . . . . . Total Part Build Rating . | . . . . . Parts Repaired . | . . . . . Time . | . . . . . Parts Recycled . | . . . . . Recycled Matter . | . . . . . Retrieved Matter . | . . . . . Retrieved Components . | . . . . . Parts Scanalyzed . | . . . . . Part Schematics Acquired . | . . . . . Parts Damaged . | . . . . . Bothacking | -11 -10 -10 -10 -9 ------------ Run | Scr Mat Min Exi Min Used RIF Installer . | . . . . . Robots Hacked . | . . . . . Non-combat . | . . . . . Combat . | . . . . . Robot Hacks Applied . | . . . . . Relay Couplers Released . | . . . . . Robots Rewired . | . . . . . Allies Hacked . | . . . . . Hacks Repelled . | . . . . . Allies | -11 -10 -10 -10 -9 -------- Run | Scr Mat Min Exi Min Total Allies 4 | . . 4 . . Largest Group 3 | . . 3 . . Highest-Rated Group 47 | . . 47 . . Highest-Rated Ally 31 | . . 31 . . Total Orders . | . . . . . Ally Attacks 21 | . . 21 . . Total Damage 232 | . . 232 . . Kills 7 | . . 7 . . Allies Corrupted . | . . . . . Allies Melted . | . . . . . Intel | -11 -10 -10 -10 -9 ------- Run | Scr Mat Min Exi Min Robot Analysis Total 1 | . 1 . . . Derelict Logs Recovered 1 | . . 1 . . Drone Launches . | . . . . . Drone Recoveries . | . . . . . Exploration | -11 -10 -10 -10 -9 ------------- Run | Scr Mat Min Exi Min Turns Passed 2437 | . 349 711 1214 163 Spaces Moved 1182 | 1 174 395 534 78 Core 1 | . . . 1 . Treads 21 | . . . 21 . Legs 1160 | 1 174 395 512 78 Wheels . | . . . . . Hover . | . . . . . Flight . | . . . . . Fastest Speed 120 | 120 120 150 120 150 Average Speed 177 | 120 149 159 204 150 Slowest Speed 1500 | 120 150 180 1500 150 Overloaded Moves . | . . . . . Propulsion Burnouts . | . . . . . Robots Hopped . | . . . . . Cave-ins Triggered . | . . . . . Exploration Rate (%) 46 | 2 47 94 68 21 Regions Visited 4 Branch Regions 3 Pre-discovered Areas 2 | . 1 . 1 . Known Exits Taken 1 | . 1 . . . Unknown Exits Taken 3 | 1 . 1 1 . Scrap Searched 3 | . . 3 . . Spaces Dug 12 | . 12 . . . Terrain Destroyed 70 | . 70 . . . Melee . | . . . . . Projectile . | . . . . . AOE 70 | . 70 . . . Terrain Rammed . | . . . . . Walls Destroyed . | . . . . . Machines Disabled . | . . . . . Actions | -11 -10 -10 -10 -9 --------- Run | Scr Mat Min Exi Min Total 1408 | . 227 450 632 99 Wait 43 | . 6 30 1 6 Move 1178 | . 173 394 533 78 Hop . | . . . . . Pick Up 46 | . 8 3 35 . Fast Attach 10 | . 2 2 6 . Attach 14 | . 3 2 8 1 Detach 2 | . . . 2 . Swap 4 | . 2 2 . . Drop 26 | . 6 3 17 . Fire 56 | . 27 14 1 14 Melee 29 | . . . 29 . Ram . | . . . . . Kick . | . . . . . Crush . | . . . . . Escape Stasis . | . . . . . Rewire . | . . . . . Trap . | . . . . . Miscellaneous . | . . . . . Route ------- -11/Scrapyard -10/Materials (discovered 2 exits: [*Mat] / *Min) -10/Mines (discovered 3 exits: [*Mat x2] / *Exi) -10/Exiles -9/Mines History --------- Turn | Location | Event 1 | -11/Scrapyard | Discovered new exit (range 0) 1 | -11/Scrapyard | Entered Materials 126 | -10/Materials | Central database locked down 163 | -10/Materials | Identified exit to Mines 223 | -10/Materials | Discovered new exit (range 15) 301 | -10/Materials | Build established: Mutant 350 | -10/Materials | Entered Mines 356 | -10/Mines | Assisted by bots powering up and referring to "LRC-V3" 421 | -10/Mines | Learned 2 Materials zone layouts 559 | -10/Mines | Discovered new exit (range 6) 760 | -10/Mines | Discovered new exit (range 11) 774 | -10/Mines | Received a Mining Laser from a helpful Derelict 1055 | -10/Mines | Deemed a non-threat by the Exiles lab entrance 1055 | -10/Mines | Discovered new exit (range 5) 1061 | -10/Mines | Entered Exiles 1102 | -10/Exiles | Met 8R-AWN 1124 | -10/Exiles | Met EX-HEX 1183 | -10/Exiles | Met EX-DEC 1189 | -10/Exiles | Learned location of Zion (-6) 1209 | -10/Exiles | Build established: Scavenger-Mutant 1548 | -10/Exiles | Build established: Hauler-Mutant 1593 | -10/Exiles | Met EX-BIN 1627 | -10/Exiles | Aligned with FarCom system 1629 | -10/Exiles | Given EX-Vault access code 1685 | -10/Exiles | Opened EX-Vault 1701 | -10/Exiles | Found Cloak of Protection 1705 | -10/Exiles | Found Longsword +1 1761 | -10/Exiles | Warned to stay clear of 0b10 Research branches 2027 | -10/Exiles | Attacked by the Exiles 2049 | -10/Exiles | Core integrity fell below 50% 2065 | -10/Exiles | Lost 3 parts (1p1n1w) 2091 | -10/Exiles | Core integrity fell below 20% 2118 | -10/Exiles | Destroyed 8R-AWN 2134 | -10/Exiles | Lost 3 parts (1n2w) 2257 | -10/Exiles | Discovered new exit (range 14) 2275 | -10/Exiles | Entered Mines 2438 | -9/Mines | Destroyed by S-10 Pest with Light Assault Rifle Last Messages --------------- 02188_ Acquired Gravity Neutralizing Apparatus. 02194_ Acquired Imp. Heat Sink. 02197_ Acquired Adv. Weapon Cycler. 02199_ Acquired Cloak of Protection. 02200_ Dropped Cloak of Protection. 02201_ Dropped Longsword +1. 02201_ Dropped Lgt. Treads. 02208_ Acquired Assault Rifle. 02210_ Acquired Lgt. Treads. 02214_ Acquired Heat Sink. 02217_ Acquired Aluminum Leg. 02257_ EXIT=FOUND LOCATION=UNKNOWN GOAL=ESCAPE 02340_ K-01 Serf collects debris. 02371_ G-47 Trooper destroyed. 02380_ G-34 Mercenary destroyed. 02385_ Acquired 54 matter. 02387_ Acquired 12 matter. 02433_ S-10 Pest destroyed. Map ----- +----------------------------------------------------+ | ???????????????????????????????????????????????? | | ???????????????????????????????????????????????? | | ???????????????????????????????????????????????? | | ??????????????????????????????????????????????? | | ??????????????????????????????????????????????? | | ??????????????????????????????????????????????? | | ??????????????????????????????????????????????? | | ???????????????????????????????????????????????? | | ???????????????????????????????????????????????? | | ???????????????????????????????????????????????? | | ???????????????????????????????????????????????? | | ???????????????????????????????????????????????? | | ???????????????????????????????????????????????? | | ???????????????????????????????????????????????? | | ???????????????????????????????????????????????? | | ???????????????????????????????????????????????? | | ???????????????????????????????????????????????? | | ???????????????????????????????????????????????? | | ???????????????????????????????????????????????? | | ???????????????????????????????????????????????? | | ???????????????????####????????????????????????? | | ??????????????????## #????????????????????????? | | ################### #####????????????????????? | | % #????????????????????? | | ################## ###*#????????????????????? | | ?????????????????# #?#@#????????????????????? | | ?????????????????# #?#*s=???????????????????? | | ?????????????????## #?#### ?????????????????? | | ??????????????????## #??????##????????????????? | | ???????????????????# #????????????????????????? | | ??????????????????? #????????????????????????? | | ???????????????????####????????????????????????? | | ???????????????????????????????????????????????? | | ???????????????????????????????????????????????? | | ???????????????????????????????????????????????? | | ???????????????????????????????????????????????? | | | | | | | | | | | | | | | | | | | | | | | | | | | | | +----------------------------------------------------+ Best States ------------- Heat Dissipation 39 Energy Generation 19 Energy Capacity 310 Matter Stores 300 Matter Capacity 300 Sight Range 16 Terrain Scan Density 10 Evasion (%) 40 Recoil Reduction 2 Item Schematics ----------------- None Robot Schematics ------------------ None Fabricated ------------ Nothing Alien Tech Used ----------------- None Achievements -------------- None Challenges ------------ None Game ------ Seed AdvancedBiocellFirepult Manual? 0 Play Time 00:10:24 Cumulative 280.7 hours Start 2021.01.31 @ 13:13:57 End 2021.01.31 @ 13:23:45 Sessions 1 Manual Loads 0 Difficulty Rogue Special Mode None Game No. 239 Rogue 232 Adventurer 0 Explorer 7 Win Type - Total 9 Types 3/0/6/0/0/0/0/0/0 Lore% 74 Gallery% 91 Achievement% 71 Wizard Run 0 Options --------- ASCII 0 Keyboard 0 Movement Numpad Keybinds 0 Fullscreen 1 Font 18/X11 Map View 76x50 Tactical HUD 1 Map Filters NONE Filters NONE Steam 1 RUN: 8fb8e2c4-d631-4361-b575-81fc9ab74d1e